[Event "Titled Tuesday Blitz March 07 Late 2023"]
[White "Blomqvist, Erik"]
[Black "Meunier-Pion, Jean"]
[WhiteFideId "1709437"]
[BlackFideId "20685327"]
[WhiteElo "2436"]
[BlackElo "2124"]
[Result "1-0"]
[Round "03"]
[TimeControl "180+2"]
[Date "2023.03.07"]
[WhiteClock "0:01:16"]
[BlackClock "0:00:03"]

1. e4 c5 2. Nf3 d6 3. d4 cxd4 4. Qxd4 Nc6 5. Qe3 g6 6. Be2 Bh6 7. Qc3 e5 8. Bxh6 Nxh6 9. O-O O-O 10. Rd1 Kg7 11. Na3 Be6 12. Nb5 Ng4 13. Nxd6 Qb6 14. Rf1 Nd4 15. Nxd4 exd4 16. Qg3 h5 17. h3 h4 18. Qf4 Rad8 19. e5 Nh6 20. Qf6+ Kh7 21. Qxh4 Qxb2 22. Bd3 f6 23. Ne4 Bf5 24. Nxf6+ Rxf6 25. exf6 Bxd3 26. cxd3 Rf8 27. Rab1 Qxa2 28. Rxb7+ Rf7 29. Rxf7+ Qxf7 30. Re1 g5 31. Qxg5 Ng8 32. Qf5+ Kh6 33. Re6 Qc7 34. g4 Qc1+ 35. Kg2 1-0


[Site "https://www.chess.com"]

[Event "Titled Tuesday Blitz March 07 Late 2023"]
[White "Kanakaris, Georgios"]
[Black "Vaglio Munoz, Jaime"]
[WhiteFideId "4209460"]
[BlackFideId "6500145"]
[WhiteElo "2291"]
[BlackElo "2199"]
[Result "0-1"]
[Round "03"]
[TimeControl "180+2"]
[Date "2023.03.07"]
[WhiteClock "0:00:53"]
[BlackClock "0:00:49"]

1. d4 d6 2. Nf3 Nf6 3. g3 g6 4. Bg2 Bg7 5. O-O O-O 6. b3 c6 7. Bb2 a5 8. c4 a4 9. Nbd2 Qa5 10. Qc2 Na6 11. Bc3 Nb4 12. Qc1 a3 13. e4 c5 14. dxc5 dxc5 15. e5 Ne8 16. Ne4 Nc7 17. Qd2 Bf5 18. Nxc5 Qxc5 19. Bxb4 Qb6 20. Bxe7 Rfe8 21. c5 Qb5 22. Bd6 Na6 23. Nd4 Qd3 24. Qxd3 Bxd3 25. Bxb7 Bxf1 26. Rxf1 Nb4 27. Bxa8 Rxa8 28. c6 Nxa2 29. c7 Nc3 30. Rc1 a2 31. b4 f6 32. f4 fxe5 33. fxe5 Bh6 34. Ra1 Be3+ 35. Kg2 Bxd4 36. e6 Nb5 0-1


[Site "https://www.chess.com"]

[Event "Titled Tuesday Blitz March 07 Late 2023"]
[White "Topalov, Aleksandar"]
[Black "Shapiro, Viktor"]
[WhiteFideId "925659"]
[BlackFideId "4175700"]
[WhiteElo "2151"]
[BlackElo "2152"]
[Result "1-0"]
[Round "03"]
[TimeControl "180+2"]
[Date "2023.03.07"]
[WhiteClock "0:01:17"]
[BlackClock "0:00:19"]

1. b3 Nf6 2. Bb2 d5 3. Nf3 Bf5 4. g3 e6 5. Bg2 c5 6. Ne5 Bd6 7. d3 h6 8. Nd2 Qc7 9. Ndf3 O-O 10. O-O Nbd7 11. Nxd7 Nxd7 12. Re1 Bh7 13. e4 d4 14. a4 b6 15. Bc1 e5 16. Nh4 Rfe8 17. Nf5 Bf8 18. h4 Nf6 19. Bd2 a6 20. Qf3 Re6 21. g4 Rae8 22. Bh3 Rc6 23. Kh1 b5 24. axb5 axb5 25. Rg1 Nd7 26. g5 hxg5 27. Rxg5 Rg6 28. Rag1 Ree6 29. h5 Rxg5 30. Rxg5 Kh8 31. Qg3 g6 32. Nh4 Ra6 33. hxg6 fxg6 34. Nxg6+ Bxg6 35. Rxg6 Rxg6 36. Qxg6 1-0


[Site "https://www.chess.com"]

[Event "Titled Tuesday Blitz March 07 Late 2023"]
[White "Liu, Yi"]
[Black "Musovic, Armin"]
[WhiteFideId "3210588"]
[BlackFideId "939935"]
[WhiteElo "2264"]
[BlackElo "2321"]
[Result "0-1"]
[Round "03"]
[TimeControl "180+2"]
[Date "2023.03.07"]
[WhiteClock "0:00:06"]
[BlackClock "0:00:54"]

1. d4 d5 2. Nf3 Nf6 3. c3 c5 4. dxc5 g6 5. e3 Bg7 6. Nbd2 O-O 7. b4 a5 8. Bb2 Nc6 9. a3 e5 10. Be2 e4 11. Nd4 Ne5 12. h3 Bd7 13. c4 dxc4 14. Nxc4 Qe7 15. O-O Rfd8 16. Nxa5 Bc8 17. Qc2 Nd3 18. Bxd3 exd3 19. Qxd3 Nd5 20. Rfd1 Bf6 21. Qb3 Qe4 22. Ne2 Be6 23. Bxf6 Nxf6 24. Qc3 Qh4 25. Nxb7 Rdb8 26. c6 Ne4 27. Qe1 Bxh3 28. gxh3 Qxh3 29. Rd5 Qf3 30. Re5 f6 31. Rxe4 Qxe4 32. Qc3 Rc8 33. b5 Ra4 34. Qxf6 Qg4+ 35. Ng3 Rf8 36. Qc3 Rf3 37. Rf1 Rxg3+ 0-1


[Site "https://www.chess.com"]

[Event "Titled Tuesday Blitz March 07 Late 2023"]
[White "Davidson, Kevin"]
[Black "Filgueira, Hernan"]
[WhiteFideId "2056810"]
[BlackFideId "101770"]
[WhiteElo "2151"]
[BlackElo "2363"]
[Result "0-1"]
[Round "03"]
[TimeControl "180+2"]
[Date "2023.03.07"]
[WhiteClock "0:00:01"]
[BlackClock "0:01:19"]

1. e4 d6 2. d4 Nf6 3. Nc3 g6 4. f4 Bg7 5. Nf3 c5 6. Bb5+ Nfd7 7. d5 a6 8. Bxd7+ Nxd7 9. a4 Rb8 10. a5 Nf6 11. e5 Nh5 12. O-O O-O 13. Re1 b5 14. axb6 Rxb6 15. Ne4 Bf5 16. c4 Qb8 17. Qe2 Bg4 18. exd6 exd6 19. h3 Bd7 20. g4 Nf6 21. Nc3 h5 22. g5 Nh7 23. Qg2 Qc8 24. Kh2 Rb4 25. Qf1 Re8 26. Rxe8+ Bxe8 27. Ra2 Bd7 28. Be3 Qb7 29. Ra1 Rxb2+ 30. Kh1 Bxc3 0-1


[Site "https://www.chess.com"]

[Event "Titled Tuesday Blitz March 07 Late 2023"]
[White "Chan, Kim Yew"]
[Black "Paszewski, Mateusz"]
[WhiteFideId "5717981"]
[BlackFideId "1141058"]
[WhiteElo "2206"]
[BlackElo "2223"]
[Result "1-0"]
[Round "03"]
[TimeControl "180+2"]
[Date "2023.03.07"]
[WhiteClock "0:00:14"]
[BlackClock "0:00:18"]

1. e4 c5 2. Nf3 Nc6 3. Bb5 g6 4. Bxc6 bxc6 5. O-O Bg7 6. Re1 Qc7 7. c3 d6 8. h3 Nf6 9. d4 cxd4 10. cxd4 O-O 11. Nc3 c5 12. e5 dxe5 13. dxe5 Rd8 14. Qe2 Nd5 15. Ne4 Nb4 16. Qc4 Nd3 17. Rd1 Be6 18. Qc3 Nxe5 19. Bf4 Nxf3+ 20. Qxf3 Qb6 21. Ng5 Qxb2 22. Nxe6 fxe6 23. Qc6 Qf6 24. Be3 Qf5 25. Rac1 Bd4 26. Bxd4 cxd4 27. Rc5 e5 28. Qb5 Rf8 29. Rd2 Rab8 30. Qe2 d3 31. Qe3 Rfd8 32. Rxe5 Qf6 33. Rxe7 Rb1+ 34. Kh2 Rbb8 35. Re6 Qf5 36. Re5 Qf7 37. Rxd3 Rxd3 38. Qxd3 Qc7 39. Qg3 Rf8 40. Re3 Qf7 41. Rf3 Qe6 42. Rxf8+ Kxf8 43. Qb8+ Kg7 44. Qxa7+ Kh6 45. Qe3+ Qxe3 46. fxe3 Kg5 47. Kg3 Kf5 48. Kf3 Ke5 49. e4 h5 50. Ke3 g5 51. a4 1-0


[Site "https://www.chess.com"]

[Event "Titled Tuesday Blitz March 07 Late 2023"]
[White "Guzman Moneo, Alberto"]
[Black "Danielian, Vardan"]
[WhiteFideId "2209616"]
[BlackFideId "13301594"]
[WhiteElo "2157"]
[BlackElo "2563"]
[Result "0-1"]
[Round "03"]
[TimeControl "180+2"]
[Date "2023.03.07"]
[WhiteClock "0:01:03"]
[BlackClock "0:01:32"]

1. e4 c5 2. Nc3 g6 3. f4 Bg7 4. Nf3 Nc6 5. Bb5 Nd4 6. O-O Nxb5 7. Nxb5 d5 8. exd5 a6 9. Nc3 Nf6 10. d4 Nxd5 11. dxc5 Nxc3 12. Qxd8+ Kxd8 13. bxc3 Bxc3 14. Rb1 Kc7 15. Be3 Be6 16. a3 Rhd8 17. Rbd1 Rxd1 18. Rxd1 Rd8 19. Rxd8 Kxd8 20. Bd4 Bxd4+ 21. Nxd4 Kd7 22. Kf2 Bd5 23. g3 f6 24. Ke3 e5 25. fxe5 fxe5 26. Ne2 Kc6 27. Kd2 Kxc5 28. Kc3 a5 29. Nc1 Bc4 30. Kd2 Kd4 31. h4 h5 32. c3+ Ke4 33. a4 Kf3 34. Nd3 Bxd3 0-1


[Site "https://www.chess.com"]

[Event "Titled Tuesday Blitz March 07 Late 2023"]
[White "Gubajdullin, Alexei"]
[Black "Silva, Caio Henrique Angelico"]
[WhiteFideId "4141202"]
[BlackFideId "22777210"]
[WhiteElo "2267"]
[BlackElo "2096"]
[Result "1/2-1/2"]
[Round "03"]
[TimeControl "180+2"]
[Date "2023.03.07"]
[WhiteClock "0:00:11"]
[BlackClock "0:00:08"]

1. d4 Nf6 2. Nf3 g6 3. Bf4 Bg7 4. e3 O-O 5. Be2 b6 6. O-O Bb7 7. h3 d6 8. a4 a6 9. Bh2 c5 10. c3 Nbd7 11. Qb3 Qc7 12. Rd1 Rfd8 13. d5 Ne4 14. c4 Ne5 15. Nfd2 Nxd2 16. Rxd2 Rab8 17. Nc3 Bc8 18. Qc2 f5 19. Re1 Bd7 20. Rdd1 Re8 21. Bf1 Kh8 22. b3 Rf8 23. f4 Nf7 24. e4 fxe4 25. Nxe4 Rbe8 26. Qd2 Nh6 27. Ng5 Nf5 28. Ne6 Bxe6 29. Rxe6 Nd4 30. Re3 Nf5 31. Rd3 e6 32. dxe6 Rxe6 33. Re1 Rfe8 34. Rxe6 Rxe6 35. Kh1 Qe7 36. Qc1 Re1 37. Rd1 Rxd1 38. Qxd1 Nd4 39. Bg1 Qe4 40. Bd3 Qxf4 41. Bh2 Qe3 42. Bxd6 Be5 43. Bxe5+ Qxe5 44. Qd2 Kg7 45. b4 Nc6 46. bxc5 bxc5 47. Qf2 Qd4 48. Qg3 Qe5 49. Qf3 Qa1+ 50. Kh2 Qe5+ 51. Kh1 Qa1+ 52. Bf1 Nd4 53. Qf4 Qxa4 54. Qe5+ Kg8 55. Qxc5 Qd1 56. Kg1 Qd2 57. Qc8+ Kg7 58. Qxa6 Qe3+ 59. Kh1 Qf2 60. Qa1 Kf7 61. c5 Ke7 62. Qc1 Kd7 63. c6+ Nxc6 64. Bb5 Qb6 65. Qc4 Kc7 66. Qf7+ Kb8 67. Bxc6 Qxc6 68. Qxh7 Qc1+ 69. Kh2 Qf4+ 70. Kg1 Qc1+ 71. Kf2 Qd2+ 72. Kf3 Qd3+ 73. Kg4 Qf5+ 74. Kg3 Qd3+ 75. Kg4 Qf5+ 76. Kg3 Qe5+ 77. Kf3 Qf5+ 78. Ke3 Qe5+ 79. Kf3 Qf5+ 80. Ke2 Qe4+ 81. Kf2 Qf4+ 82. Kg1 Qe3+ 83. Kh2 Qe5+ 84. Kg1 Qe1+ 85. Kh2 Qe5+ 86. Kh1 Qe1+ 87. Kh2 Qe5+ 1/2-1/2


[Site "https://www.chess.com"]

[Event "Titled Tuesday Blitz March 07 Late 2023"]
[White "Kaganskiy, Gleb"]
[Black "Arngrimsson, Dagur"]
[WhiteFideId "4132025"]
[BlackFideId "2301288"]
[WhiteElo "2165"]
[BlackElo "2285"]
[Result "1-0"]
[Round "03"]
[TimeControl "180+2"]
[Date "2023.03.07"]
[WhiteClock "0:00:11"]
[BlackClock "0:00:33"]

1. e4 c5 2. Nf3 d6 3. Bb5+ Bd7 4. Bxd7+ Qxd7 5. c4 Nc6 6. d4 cxd4 7. Nxd4 Nf6 8. Nc3 g6 9. O-O Bg7 10. Nc2 Rc8 11. f3 Na5 12. b3 a6 13. Bb2 b5 14. Nd5 O-O 15. cxb5 Nxd5 16. Bxg7 Kxg7 17. exd5 Qxb5 18. Rc1 Rc5 19. Qd4+ Kg8 20. Na3 Qb6 21. b4 Rfc8 22. bxc5 dxc5 23. Qc3 c4+ 24. Kh1 Rd8 25. Nxc4 Nxc4 26. Qxc4 h5 27. Rfd1 Qe3 28. Qc7 Rd6 29. Re1 Qd2 30. Qxe7 Rxd5 31. h3 Kg7 32. Rcd1 Qxd1 33. Rxd1 Rxd1+ 34. Kh2 Rd5 35. Qb7 Ra5 36. a3 Kg8 37. Qb8+ Kg7 38. Qb4 Rb5 39. Qd4+ Kg8 40. a4 Rf5 41. g4 Rxf3 42. Qd8+ Kg7 43. gxh5 Rf2+ 44. Kg3 Ra2 45. Qd4+ Kh6 46. hxg6 Ra3+ 47. Kf4 Kxg6 48. h4 f6 49. Qe4+ Kh6 50. Kf5 Rc3 51. Kxf6 Rc8 52. Qf4+ Kh7 53. Qf5+ Kh6 54. Qxc8 a5 55. Qg8 Kh5 56. Qg5# 1-0


[Site "https://www.chess.com"]

[Event "Titled Tuesday Blitz March 07 Late 2023"]
[White "Chor, Kevin"]
[Black "Rios Escobar, Adan"]
[WhiteFideId "2090740"]
[BlackFideId "3403645"]
[WhiteElo "2553"]
[BlackElo "2380"]
[Result "1-0"]
[Round "03"]
[TimeControl "180+2"]
[Date "2023.03.07"]
[WhiteClock "0:00:08"]
[BlackClock "0:00:05"]

1. e4 c5 2. Nf3 d6 3. d4 cxd4 4. Nxd4 Nf6 5. Nc3 a6 6. Be2 e5 7. Nb3 Be6 8. Be3 Nbd7 9. O-O Be7 10. f4 Rc8 11. f5 Bc4 12. g4 h6 13. Qe1 Bxe2 14. Qxe2 Rxc3 15. bxc3 Nxe4 16. Qc4 Ndf6 17. Nd2 d5 18. Qa4+ b5 19. Qxa6 Nxd2 20. Qxb5+ Kf8 21. Bxd2 Nxg4 22. a4 Kg8 23. a5 Bd6 24. Qxd5 Qh4 25. Qg2 Bc5+ 26. Kh1 Kh7 27. Qg3 Qh5 28. a6 Ra8 29. Rg1 Bxg1 30. Rxg1 Qxf5 31. Qxg4 Qxg4 32. Rxg4 Rxa6 33. Re4 Re6 34. c4 f5 35. Re2 e4 36. Be3 Rc6 37. c5 g5 38. Kg1 f4 39. Bd4 e3 40. Kg2 Kg6 41. Kf3 Kf5 42. h3 h5 43. Rg2 Rc8 44. c3 Rc6 45. Ke2 g4 46. hxg4+ hxg4 47. Rg1 Rc8 48. Rh1 Ke4 49. Rh5 f3+ 50. Ke1 Ra8 51. Re5+ Kd3 52. Rxe3+ Kc4 53. Kf2 Ra2+ 54. Kf1 Ra1+ 55. Kf2 Ra2+ 56. Kf1 Ra1+ 57. Re1 Ra2 58. Kg1 Rg2+ 59. Kf1 Rh2 60. Be5 Rh1+ 61. Kf2 Rh3 62. c6 Rh7 63. c7 Rh2+ 64. Kg3 Rg2+ 65. Kf4 f2 66. Rf1 g3 67. c8=Q+ Kd3 68. Qd7+ Kc2 69. Kf3 Rg1 70. Qf5+ Kd2 71. Bf4+ Kxc3 72. Qc5+ Kb3 73. Rxg1 fxg1=Q 74. Qxg1 g2 75. Qxg2 Kc3 76. Qd2+ Kb3 77. Ke3 Ka4 78. Qb2 Ka5 79. Bc7+ Ka6 80. Qb6# 1-0


[Site "https://www.chess.com"]

[Event "Titled Tuesday Blitz March 07 Late 2023"]
[White "ArtemDyachuk"]
[Black "Klose, Eli"]
[BlackFideId "16242955"]
[WhiteElo "2375"]
[BlackElo "2552"]
[Result "1-0"]
[Round "03"]
[TimeControl "180+2"]
[Date "2023.03.07"]
[WhiteClock "0:00:05"]
[BlackClock "0:00:11"]

1. e4 e6 2. Nf3 d5 3. Nc3 d4 4. Ne2 c5 5. d3 Nc6 6. g3 g6 7. Bg2 Bg7 8. O-O Nge7 9. a4 O-O 10. Nd2 f5 11. Nc4 Rb8 12. f4 b6 13. e5 Nd5 14. c3 dxc3 15. Nxc3 Ncb4 16. a5 Bb7 17. axb6 axb6 18. Nd6 Bc6 19. Ra7 Ra8 20. Rxa8 Qxa8 21. Nxd5 Bxd5 22. Bxd5 Qxd5 23. Qa4 Qd4+ 24. Kg2 Qxd3 25. Qd7 Qd5+ 26. Kh3 h6 27. Rf2 Nd3 28. Rd2 g5 29. Qe7 gxf4 30. Rxd3 Qxd3 31. Qxe6+ Kh7 32. Bxf4 Qf1+ 33. Kh4 Qd3 34. Ne8 Qf3 35. h3 Qb7 36. Kh5 Qf7+ 37. Qxf7 Rxf7 38. Nd6 Rf8 39. Nc4 b5 40. Nd6 c4 41. e6 Bf6 42. Nxb5 Re8 43. Nc7 Rc8 44. Nb5 Bd8 45. g4 fxg4 46. Kxg4 Rc5 47. Nd6 Rc6 48. Nf7 Kg6 49. Nxd8 Ra6 50. e7 Ra4 51. e8=Q+ Kg7 52. Qxa4 c3 53. Qd4+ Kh7 54. Qxc3 h5+ 55. Kh4 Kg8 56. Ne6 Kf7 57. Qe5 Kg6 58. b4 Kf7 59. b5 Ke8 60. b6 Ke7 61. Qd5 Kf7 62. b7 Kg6 63. b8=Q Kf6 64. Qf8+ Kg6 65. Qg5+ Kh7 66. Qgh6# 1-0


[Site "https://www.chess.com"]

[Event "Titled Tuesday Blitz March 07 Late 2023"]
[White "Marra, Eduardo da Costa"]
[Black "Yano, William Jorge Froes"]
[WhiteFideId "2106990"]
[BlackFideId "2112949"]
[WhiteElo "2252"]
[BlackElo "2122"]
[Result "1-0"]
[Round "03"]
[TimeControl "180+2"]
[Date "2023.03.07"]
[WhiteClock "0:00:27"]
[BlackClock "0:00:07"]

1. c4 Nf6 2. g3 g6 3. Bg2 Bg7 4. d3 O-O 5. Nc3 c5 6. Nf3 Nc6 7. O-O b6 8. a3 Bb7 9. Rb1 d5 10. cxd5 Nxd5 11. Nxd5 Qxd5 12. Be3 Nd4 13. Ne1 Qd7 14. b4 Bxg2 15. Nxg2 Rac8 16. bxc5 Rxc5 17. Bd2 Rfc8 18. Ne3 Qh3 19. f3 Rh5 20. Rf2 Bh6 21. Rc1 Rxc1 22. Qxc1 Rc5 23. Qb2 Rb5 24. Qa2 e5 25. a4 Rb3 26. Nf1 Bxd2 27. Nxd2 Rb4 28. a5 bxa5 29. f4 Qg4 30. fxe5 Ne6 31. Nc4 a4 32. Nd6 Qd4 33. Nxf7 Rb6 34. Ng5 1-0


[Site "https://www.chess.com"]

[Event "Titled Tuesday Blitz March 07 Late 2023"]
[White "Fernandez Siles, Luis"]
[Black "Martinez Reyes, Pedro Ramon"]
[WhiteFideId "2209420"]
[BlackFideId "3901807"]
[WhiteElo "2186"]
[BlackElo "2340"]
[Result "0-1"]
[Round "03"]
[TimeControl "180+2"]
[Date "2023.03.07"]
[WhiteClock "0:00:12"]
[BlackClock "0:00:04"]

1. d4 Nf6 2. c4 c5 3. d5 e5 4. Nc3 d6 5. h3 Nbd7 6. e4 Be7 7. g4 Nf8 8. Bd3 Ng6 9. Nge2 Nd7 10. Ng3 Bg5 11. Nf5 O-O 12. Nxd6 Bxc1 13. Rxc1 Qb6 14. Nf5 Qxb2 15. Qb3 Nf4 16. Rd1 Qxb3 17. axb3 g6 18. Ne3 Nf6 19. f3 Bd7 20. Ne2 Nxe2 21. Kxe2 Ne8 22. h4 Nd6 23. h5 Kg7 24. hxg6 hxg6 25. g5 Rh8 26. Kf2 a5 27. Bc2 f6 28. gxf6+ Kxf6 29. Rdg1 g5 30. Nf1 b5 31. cxb5 Nxb5 32. Ng3 Nd4 33. Bd1 Bh3 34. Rh2 Rh4 35. Rgh1 Rah8 36. Ne2 Bd7 37. Rxh4 Rxh4 38. Rg1 Rh2+ 39. Rg2 Rh1 40. Rg1 Rh3 41. Rg3 Rh8 42. Nxd4 cxd4 43. Be2 Rb8 44. Bc4 a4 45. bxa4 Rb2+ 46. Ke1 Bxa4 47. Rh3 Rc2 48. Ba6 Bb3 49. Rh6+ Kf7 50. Re6 Rc3 51. Rxe5 Rxf3 52. Rxg5 Re3+ 53. Kd2 Rxe4 54. d6 Ke6 55. Rg6+ Kd7 56. Bb5+ Kd8 57. Rg8+ Bxg8 58. Kd3 Re6 59. d7 Rd6 60. Ba4 Be6 61. Bd1 Bxd7 62. Bh5 Bb5+ 63. Kd2 d3 64. Bf3 Kc7 65. Bc6 Kxc6 0-1


[Site "https://www.chess.com"]

[Event "Titled Tuesday Blitz March 07 Late 2023"]
[White "Martin Carmona, Gaston Manuel"]
[Black "Seletsky, Grigory"]
[WhiteFideId "22284567"]
[BlackFideId "14112191"]
[WhiteElo "2245"]
[BlackElo "2490"]
[Result "1/2-1/2"]
[Round "03"]
[TimeControl "180+2"]
[Date "2023.03.07"]
[WhiteClock "0:00:06"]
[BlackClock "0:00:15"]

1. d4 d6 2. e4 e5 3. Nf3 Nc6 4. Bb5 exd4 5. Nxd4 Bd7 6. Nc3 Nf6 7. O-O Be7 8. Bxc6 bxc6 9. Nf5 Bxf5 10. exf5 O-O 11. b3 d5 12. Bb2 Bd6 13. Qf3 Qd7 14. Rad1 Rfe8 15. g4 h6 16. h4 Ne4 17. Nxe4 Rxe4 18. c4 Rae8 19. cxd5 cxd5 20. Kg2 c6 21. Rd4 c5 22. Rxd5 Qe7 23. Rfd1 Rf4 24. Qe3 Rxg4+ 25. Kf1 Qf8 26. Qf3 Rf4 27. Qg3 Bb8 28. Qg2 Rxh4 29. Rd8 Rd4 30. R1xd4 cxd4 31. Rxd4 Be5 32. Rd2 Bxb2 33. Rxb2 Qd6 34. Qf3 Rc8 35. Kg2 Qf6 36. Re2 Rc3 37. Qg4 Qg5 38. Qxg5 hxg5 39. Re7 a5 40. Re5 a4 41. bxa4 Ra3 42. Ra5 Rxa2 43. Ra8+ Kh7 44. a5 f6 45. a6 g6 46. fxg6+ Kxg6 47. a7 Kg7 48. Kf3 Ra4 49. Ke3 Kh7 50. Kd3 Kg7 51. Kc3 Ra2 52. Kb3 Ra6 53. Kb4 Ra1 54. Kc5 Rb1 55. Kd6 Ra1 56. Ke6 Ra6+ 57. Kf5 Ra2 58. Ke6 Ra6+ 59. Kd7 Ra1 60. Kc6 Ra2 61. Kb6 Rb2+ 62. Kc5 Ra2 63. Kd4 Ra1 64. Ke3 Ra2 65. Ke4 Ra1 66. f3 Ra4+ 67. Kf5 Ra5+ 68. Ke6 Ra6+ 69. Ke7 Ra1 70. Ke8 Ra3 71. Kd8 Ra1 72. Kc7 Ra2 73. Kb7 Rb2+ 74. Kc6 Ra2 75. Kd5 Ra1 76. Ke4 Ra2 77. Ke3 Ra1 78. Kf2 Ra2+ 79. Kg3 Ra3 80. Kg4 Ra4+ 81. Kg3 Ra5 82. Kg2 Ra4 83. Kf1 Ra5 84. Ke2 Ra4 85. Ke3 Ra5 86. Kd4 Ra4+ 87. Kc3 Ra1 88. Kb2 Ra6 89. Kb3 Ra5 90. Kb4 Ra1 91. Kb5 Ra2 92. Kc6 Ra3 93. Kd6 Ra6+ 94. Ke7 Ra3 95. Ke6 Ra2 96. Kf5 Ra3 97. Kg4 Ra4+ 98. Kg3 Ra3 99. Kg2 Ra4 100. Kf2 Ra3 101. Kg3 Ra4 102. Kh3 Ra3 103. Kg2 Ra4 1/2-1/2


[Site "https://www.chess.com"]

[Event "Titled Tuesday Blitz March 07 Late 2023"]
[White "Needleman, Alejandro"]
[Black "Defend, Balint"]
[WhiteFideId "100730"]
[BlackFideId "17004853"]
[WhiteElo "2230"]
[BlackElo "2542"]
[Result "0-1"]
[Round "03"]
[TimeControl "180+2"]
[Date "2023.03.07"]
[WhiteClock "0:01:11"]
[BlackClock "0:00:35"]

1. e4 c5 2. Nf3 d6 3. Bc4 Nf6 4. Qe2 e6 5. O-O Be7 6. Bb3 O-O 7. c3 Nc6 8. d4 cxd4 9. cxd4 e5 10. dxe5 dxe5 11. h3 Be6 12. Bxe6 fxe6 13. Qc4 Qc8 14. Nc3 Nd4 15. Qd3 Qc5 16. Bg5 Rfd8 17. Rac1 h6 18. Bxf6 Bxf6 19. Nh2 Qb6 20. b3 Bg5 21. Rcd1 Rac8 22. Ne2 Qa5 23. Nxd4 exd4 24. f4 Be7 25. e5 Rc3 26. Qg6 Qb6 27. Ng4 Kh8 28. Rd3 Rxd3 29. Qxd3 Qa6 30. Qxd4 Rxd4 0-1


[Site "https://www.chess.com"]

[Event "Titled Tuesday Blitz March 07 Late 2023"]
[White "Krishnan, Varun"]
[Black "Bogaudinov, Rushan"]
[WhiteFideId "5054508"]
[BlackFideId "4129288"]
[WhiteElo "2541"]
[BlackElo "1949"]
[Result "0-1"]
[Round "03"]
[TimeControl "180+2"]
[Date "2023.03.07"]
[WhiteClock "0:00:05"]
[BlackClock "0:00:12"]

1. d4 Nf6 2. c4 e6 3. Nf3 d5 4. g3 Bb4+ 5. Bd2 a5 6. Bg2 O-O 7. Qc2 Bd7 8. O-O Bc6 9. Ne5 dxc4 10. Nxc6 Nxc6 11. Bxc6 bxc6 12. Qxc4 Qd5 13. Qxd5 cxd5 14. Nc3 c5 15. a3 Bxc3 16. bxc3 Ne4 17. Rfd1 Nxd2 18. Rxd2 Rab8 19. Raa2 c4 20. Rdb2 Rb3 21. Rc2 f5 22. f4 Rfb8 23. Kf2 Kf7 24. h3 Rb1 25. h4 R8b3 26. Kg2 h6 27. Kf2 g5 28. hxg5 hxg5 29. Kg2 Kg6 30. e3 Kh5 31. Kf3 Rf1+ 32. Kg2 Rd1 33. Rab2 Kg4 34. fxg5 Kxg5 35. Kf3 Rd3 36. Rh2 Rxb2 37. Rxb2 Rxc3 38. Rb6 Kf6 39. a4 Ra3 40. Kf4 Rxa4 41. g4 fxg4 42. e4 c3 43. e5+ Ke7 44. Rb7+ Kd8 45. Kg5 c2 46. Kf6 c1=Q 47. Rg7 Qc6 48. Rg8+ Kc7 49. Rg7+ Kb6 50. Rxg4 Rc4 51. Ke7 a4 52. Rg8 Rxd4 53. Kd8 Qa8+ 54. Kd7 Qxg8 55. Kd6 a3 56. Ke7 a2 57. Kf6 Rf4+ 58. Ke7 Rf7+ 59. Kd6 Qf8+ 60. Kxe6 Qe7+ 61. Kxd5 a1=Q 62. e6 Rf5+ 63. Ke4 Qxe6+ 64. Kd3 Rd5+ 65. Kc4 Qe4+ 66. Kb3 Qd3+ 67. Kb4 Qac3+ 68. Ka4 Ra5# 0-1


[Site "https://www.chess.com"]

[Event "Titled Tuesday Blitz March 07 Late 2023"]
[White "Kovacs, Klara"]
[Black "Reprintsev, Alexander"]
[WhiteFideId "733210"]
[BlackFideId "14100541"]
[WhiteElo "2179"]
[BlackElo "2229"]
[Result "0-1"]
[Round "03"]
[TimeControl "180+2"]
[Date "2023.03.07"]
[WhiteClock "0:00:04"]
[BlackClock "0:00:23"]

1. d4 d5 2. Nf3 Nc6 3. g3 Bf5 4. Bg2 Nb4 5. Na3 e6 6. c3 Nc6 7. Nc2 h6 8. b4 Nf6 9. O-O Be7 10. a4 O-O 11. Bf4 Bd6 12. Ne5 Nd7 13. Nxc6 bxc6 14. Ne1 e5 15. dxe5 Bxe5 16. Bxe5 Nxe5 17. Nd3 Nxd3 18. exd3 Qf6 19. Qd2 Rfe8 20. Rae1 g5 21. h3 Rab8 22. Kh2 Kg7 23. Re3 Rxe3 24. Qxe3 Qxc3 25. Rc1 Qf6 26. Qxa7 Rxb4 27. Qxc7 Rb2 28. Rxc6 Qd4 29. Rc2 Rb3 30. a5 Bxd3 31. Rd2 Ra3 32. Bf1 Qc4 33. Qb6 Bxf1 34. a6 Rxa6 35. Qb2+ Rf6 36. Rc2 Qe4 37. f3 Qxf3 38. Rd2 Bd3 0-1


[Site "https://www.chess.com"]

[Event "Titled Tuesday Blitz March 07 Late 2023"]
[White "Coelho, Ramyres Santana"]
[Black "Kavutskiy, Konstantin"]
[WhiteFideId "2120690"]
[BlackFideId "2026384"]
[WhiteElo "1888"]
[BlackElo "2369"]
[Result "0-1"]
[Round "03"]
[TimeControl "180+2"]
[Date "2023.03.07"]
[WhiteClock "0:00:39"]
[BlackClock "0:01:34"]

1. e4 c5 2. Nf3 Nc6 3. d4 cxd4 4. c3 dxc3 5. Nxc3 e6 6. Bc4 Nf6 7. O-O d6 8. Qe2 a6 9. Rd1 Qc7 10. Bf4 h6 11. Rac1 e5 12. Bg3 Be7 13. Nd5 Qd8 14. Nxe7 Qxe7 15. Nh4 Be6 16. Nf5 Bxf5 17. exf5 O-O 18. Rc3 Rfd8 19. Bh4 Rac8 20. Rg3 Kf8 21. Rdd3 Nd4 22. Rxd4 exd4 23. Qxe7+ Kxe7 24. Bf1 Rc1 25. Rxg7 d3 26. Rg3 d2 27. Re3+ Kf8 28. Rd3 d1=Q 29. Rxd1 Rxd1 30. Bxf6 Rc8 31. Bc3 d5 32. g3 d4 33. Bb4+ Kg7 34. Kg2 d3 35. Bc3+ Rxc3 36. bxc3 d2 37. Be2 Re1 38. Bf3 b5 39. g4 Kf6 40. h4 d1=Q 41. Bxd1 Rxd1 42. f4 Rd3 43. g5+ hxg5 44. fxg5+ Kxf5 0-1


[Site "https://www.chess.com"]

[Event "Titled Tuesday Blitz March 07 Late 2023"]
[White "Pert, Richard G"]
[Black "Mbonu, David"]
[WhiteFideId "404748"]
[BlackFideId "30927420"]
[WhiteElo "2441"]
[BlackElo "2346"]
[Result "0-1"]
[Round "03"]
[TimeControl "180+2"]
[Date "2023.03.07"]
[WhiteClock "0:00:07"]
[BlackClock "0:00:19"]

1. Nf3 Nf6 2. c4 e6 3. Nc3 d5 4. d4 a6 5. g4 Nxg4 6. Rg1 Nf6 7. c5 b6 8. cxb6 cxb6 9. Bf4 Nc6 10. e3 Bd7 11. Rc1 b5 12. Bd3 Rc8 13. a4 b4 14. Ne2 Qb6 15. b3 Ne4 16. Nd2 f5 17. f3 Nf6 18. Kf2 g6 19. Be5 Nxe5 20. Rxc8+ Bxc8 21. dxe5 Nd7 22. f4 Bc5 23. Rg3 a5 24. Qc1 Ba6 25. Bxa6 Qxa6 26. Nf3 Qd3 27. Nfd4 Kf7 28. h4 h5 29. Qg1 Rg8 30. Qc1 Rc8 31. Rf3 Nb6 32. Qg1 Be7 33. Kg3 Nd7 34. Kh3 Nc5 35. Rg3 Rg8 36. Qg2 Ne4 37. Rf3 Nd2 38. Rg3 Ne4 39. Rf3 Rc8 40. Rf1 Qxe3+ 41. Rf3 Qd2 42. Nxe6 Kxe6 43. Qxg6+ Kd7 44. Qxf5+ Kd8 45. e6 Rc2 46. Qxh5 Qxe2 47. Qxd5+ Ke8 48. Qh5+ Kd8 49. Qd5+ Kc8 50. Qd7+ Kb8 51. Qe8+ Rc8 52. Qb5+ Qxb5 53. axb5 Rc3 54. Kg4 Nf6+ 55. Kg3 Nh5+ 56. Kg4 Nf6+ 57. Kg3 Ne4+ 58. Kg4 Rxf3 59. Kxf3 Nd2+ 60. Ke2 Nxb3 61. f5 Bxh4 62. b6 Bf6 63. Kd3 Nc5+ 64. Kc4 b3 65. Kxc5 b2 66. Kd6 b1=Q 67. e7 Qxb6+ 68. Kd7 Qc7+ 69. Ke8 Qxe7# 0-1


[Site "https://www.chess.com"]

[Event "Titled Tuesday Blitz March 07 Late 2023"]
[White "Mendez Fortes, Eduardo Jesus"]
[Black "Szente Varga, Fruzsina"]
[WhiteFideId "3502376"]
[BlackFideId "712264"]
[WhiteElo "2307"]
[BlackElo "1994"]
[Result "0-1"]
[Round "03"]
[TimeControl "180+2"]
[Date "2023.03.07"]
[WhiteClock "0:00:45"]
[BlackClock "0:00:09"]

1. e4 e5 2. Nf3 Nc6 3. Bb5 a6 4. Ba4 Nf6 5. O-O Be7 6. Re1 b5 7. Bb3 O-O 8. c3 d5 9. exd5 Nxd5 10. Nxe5 Nxe5 11. Rxe5 c6 12. d4 Bd6 13. Re1 Qh4 14. g3 Qh3 15. Re4 Bd7 16. Nd2 g5 17. Nf3 h6 18. Ne5 Bf5 19. Re1 Rae8 20. Nxc6 Bg4 21. Bxd5 Bxd1 22. Rxd1 Qg4 23. Be3 h5 24. Re1 h4 25. Bg2 hxg3 26. hxg3 f5 27. Ne5 Bxe5 28. dxe5 Rxe5 29. Bd4 Ree8 30. Bd5+ Kh7 31. Kg2 f4 32. Bf3 Qd7 33. Rh1+ Kg6 34. Bh5+ Kf5 35. Bxe8 Rxe8 36. Rh6 Qd5+ 37. Kg1 f3 38. Be3 Rg8 39. Re1 Rg6 40. Rh7 Qxa2 41. Bd4 Qxb2 42. Rf7+ Kg4 43. Re4+ Kh5 44. Rxf3 Qb1+ 45. Kg2 Qxe4 46. g4+ Kxg4 47. Kg1 Qxf3 48. c4 Rh6 0-1


[Site "https://www.chess.com"]